 Dungeon Crawl Stone Soup version 0.29.1-15-g9cfb28693d (webtiles) character file.

Game seed: 5688223202872737586

707 ThatPearl the Chopper (level 7, -1/56 HPs)
             Began as a Demonspawn Gladiator on Mar 8, 2023.
             Was a Believer of Jiyva.
             Slain by a fire elemental (6 damage)
             ... on level 1 of the Abyss.
             The game lasted 00:09:54 (4970 turns).

ThatPearl the Chopper (Demonspawn Gladiator)        Turns: 4970, Time: 00:09:55

Health: -1/56      AC: 15    Str: 17    XL:     7   Next: 39%
Magic:  7/7        EV: 10    Int:  9    God:    Jiyva [**....]
Gold:   242        SH:  0    Dex: 14    Spells: 6/6 levels left

rFire   + . .      SeeInvis .   a - +0 war axe
rCold   + + .      Faith    +   (no shield)
rNeg    . . .      Spirit   .   D - +2 scale mail {rC+}
rPois   .          Reflect  .   c - +0 helmet
rElec   .          Harm     .   t - +2 cloak
rCorr   +          Rampage  .   z - +0 pair of gloves
Will    .....                   (no boots)
Stlth   ..........              n - amulet of faith
HPRegen 1.14/turn               m - ring of protection from fire
MPRegen 0.40/turn               w - ring of protection from cold

@: no status effects
A: ignite blood 2, powered by pain 1, sharp scales 1
a: Renounce Religion


You were on level 1 of the Abyss.
You worshipped Jiyva.
Jiyva was pleased with you.
You visited 1 branch of the dungeon, and saw 5 of its levels.
You visited the Abyss 1 time.
You also visited: Sewer.

You collected 242 gold pieces.

Inventory:

Hand Weapons
 a - a +0 war axe (weapon)
 C - a +2 vampiric hand axe
Missiles
 d - 3 throwing nets
 e - a javelin
 k - 20 stones (quivered)
 v - 2 poisoned darts
Armour
 c - a +0 helmet (worn)
 t - a +2 cloak (worn)
 z - a +0 pair of gloves (worn)
 D - a +2 scale mail of cold resistance (worn)
Jewellery
 m - a ring of protection from fire (left hand)
 n - an amulet of faith (around neck)
 w - a ring of protection from cold (right hand)
Wands
 b - a wand of paralysis (11)
Scrolls
 g - 2 scrolls of fog {unknown}
 j - 2 scrolls of teleportation {unknown}
 o - a scroll of blinking {unknown}
 p - 3 scrolls of identify {unknown}
 s - a scroll of poison {unknown}
 y - a scroll of magic mapping {unknown}
 A - 2 scrolls of immolation {unknown}
 B - a scroll of noise {unknown}
 F - a scroll of fear {unknown}
Potions
 f - 2 potions of berserk rage {unknown}
 h - 2 potions of lignification {unknown}
 i - a potion of degeneration {unknown}
 l - 6 potions of curing {unknown}
 q - a potion of haste {unknown}
 r - a potion of attraction {unknown}
 u - a potion of resistance {unknown}
 x - 2 potions of heal wounds {unknown}
 E - a potion of cancellation {unknown}


   Skills:
 + Level 5.3 Fighting
 + Level 5.3 Axes
 - Level 1.7 Throwing
 + Level 3.3 Armour
 - Level 2.6 Dodging


You had 6 spell levels left.
You didn't know any spells.
Your spell library contained the following spells:

 Spells                   Type           Power      Damage    Failure   Level
 Beastly Appendage        Tmut           0%         N/A       80%         1
 Slow                     Hex            0%         N/A       80%         1
 Summon Small Mammal      Summ           0%         N/A       80%         1
 Wereblood                Tmut           0%         N/A       90%         2
 Call Canine Familiar     Summ           0%         N/A       99%         3
 Confusing Touch          Hex            0%         N/A       99%         3
 Ozocubu's Armour         Ice            0%         N/A       99%         3
 Portal Projectile        Hex/Tloc       0%         N/A       99%         3
 Spider Form              Tmut/Pois      0%         N/A       99%         3
 Summon Guardian Golem    Hex/Summ       0%         N/A       99%         3
 Tukima's Dance           Hex            0%         N/A       99%         3
 Vampiric Draining        Necr           0%         2d6       99%         3
 Blade Hands              Tmut           0%         N/A       100%        5
 Metabolic Englaciation   Hex/Ice        0%         N/A       100%        5
 Simulacrum               Ice/Necr       0%         N/A       100%        6


Dungeon Overview and Level Annotations

Branches:
Dungeon (5/15)              Sewer (visited)
 Temple: D:4-7

Altars:
Dithmenos
Kikubaaqudgha
Uskayaw


Innate Abilities, Weirdness & Mutations

Your demonic aura often causes spilled blood to erupt in flames.
You sometimes gain a little power by taking damage.
You are partially covered in razor-sharp scales. (AC +1, Slay +1)


Message History

The fire elemental is lightly damaged.
The fire elemental closely misses you. The fire elemental barely misses you.
You hit the fire elemental but do no damage.
The fire elemental is lightly damaged.
The fire elemental closely misses you. The fire elemental hits you.
The fire elemental burns you! You resist.
You hit the fire elemental.
The fire elemental is moderately damaged.
The fire elemental hits you. The fire elemental burns you! You resist.
You barely miss the fire elemental.
The fire elemental is moderately damaged.
The fire elemental hits you. The fire elemental burns you! You resist.
The fire elemental hits you. The fire elemental burns you! You resist.
You completely miss the fire elemental.
The fire elemental is moderately damaged.
The fire elemental hits you. The fire elemental burns you! You resist.
The fire elemental barely misses you.
You hit the fire elemental but do no damage.
The fire elemental is moderately damaged.
The fire elemental hits you. The fire elemental burns you! You resist.
You hit the fire elemental but do no damage.
The fire elemental is moderately damaged.
The fire elemental hits you. The fire elemental burns you! You resist.
The fire elemental misses you.
You closely miss the fire elemental.
The fire elemental is moderately damaged.
The fire elemental hits you. The fire elemental burns you! You resist.
* * * LOW HITPOINT WARNING * * *
You hit the fire elemental.
The fire elemental is moderately damaged.
The fire elemental hits you. The fire elemental burns you! You resist.
* * * LOW HITPOINT WARNING * * *
The fire elemental hits you. The fire elemental burns you! You resist.
* * * LOW HITPOINT WARNING * * *
You barely miss the fire elemental.
The fire elemental is moderately damaged.
The fire elemental hits you. The fire elemental burns you! You resist.
* * * LOW HITPOINT WARNING * * *
The fire elemental hits you. The fire elemental burns you! You resist.
You die...

... # .
# #####
### # #
#. .#
#.. . #
# ###.#
#.####
. .. #
# #..
.# . .
#.
#.#.#
... # .
. #.#
#E#
.... .
## #.
##@# ##
# ..
#.....#
#. . ..
#.
#######
#.....
####
###


You could see a fire elemental.

Vanquished Creatures
  An ogre (D:4)
  A phantom (D:5)
  2 necrophages
  2 jellies (Sewer)
  3 orc priests (D:4)
  3 orc wizards
  7 adders
  A river rat (Sewer)
  2 white imps
  3 worms
  A dart slug (D:2)
  9 orcs
  16 endoplasms
  8 giant cockroaches
  7 goblins
  6 hobgoblins
  2 jackals (D:1)
  A quokka (D:2)
  8 ball pythons
  6 bats
  5 frilled lizards
  4 kobolds
  9 rats
107 creatures vanquished.

Vanquished Creatures (others)
  A shining eye (Abyss:1)
  A jelly (D:5)
  A frilled lizard (Sewer)
  A plant (D:4)
4 creatures vanquished.

Grand Total: 111 creatures vanquished

Notes
Turn   | Place    | Note
-------+----------+-------------------------------------------
     0 | D:1      | ThatPearl the Demonspawn Gladiator began the quest for the
                  | Orb.
     0 | D:1      | Reached XP level 1. HP: 16/16 MP: 1/1
   358 | D:1      | Gained mutation: You are partially covered in razor-sharp
                  | scales. (AC +1, Slay +1) [demonic ancestry]
   358 | D:1      | Reached XP level 2. HP: 23/23 MP: 2/2
  1438 | D:2      | Gained mutation: You sometimes gain a little power by
                  | taking damage. [demonic ancestry]
  1438 | D:2      | Reached XP level 3. HP: 23/28 MP: 3/3
  1551 | D:2      | Found a faded altar of an unknown god.
  2214 | D:3      | Gained mutation: Your demonic aura sometimes causes spilled
                  | blood to erupt in flames. [demonic ancestry]
  2214 | D:3      | Reached XP level 4. HP: 29/35 MP: 4/4
  2604 | D:3      | Paralysed by a goblin for 3 turns
  3182 | D:4      | Reached skill level 1 in Armour
  3182 | D:4      | Reached XP level 5. HP: 33/42 MP: 5/5
  3207 | D:4      | Found a glowing drain.
  3252 | Sewer    | Entered a sewer
  3462 | Sewer    | Reached XP level 6. HP: 28/49 MP: 6/6
  3601 | Sewer    | Found a viscous altar of Jiyva.
  3611 | Sewer    | Became a worshipper of Jiyva Jufrinal the Shapeless
  3770 | D:4      | Found an ancient bone altar of Kikubaaqudgha.
  3770 | D:4      | Found a shadowy altar of Dithmenos.
  3771 | D:4      | Found a hide-covered altar of Uskayaw.
  4291 | D:4      | Reached skill level 5 in Fighting
  4291 | D:4      | Reached skill level 5 in Axes
  4291 | D:4      | Gained mutation: Your demonic aura often causes spilled
                  | blood to erupt in flames. [demonic ancestry]
  4291 | D:4      | Reached XP level 7. HP: 53/56 MP: 7/7
  4427 | D:4      | Reached * piety under Jiyva
  4696 | D:5      | Entered Level 5 of the Dungeon
  4880 | Abyss:1  | Reached ** piety under Jiyva
  4880 | Abyss:1  | Found a hazy altar of Hepliaklqana.
  4880 | Abyss:1  | Cast into level 1 of the Abyss (orc)
  4921 | Abyss:1  | Killed a shining eye
  4954 | Abyss:1  | Noticed a fire elemental
  4970 | Abyss:1  | Slain by a fire elemental

Illustrated notes

Levels and vault maps discovered:
D:1:      dpeg_arrival_court, layout_loops_corners
D:2:      layout_rooms, ebering_ecumenical_altar_abandoned, serial_glass,
          glass_columns_c, glass_columns_b, kennysheep_big_empty_room
D:3:      layout_basic, due_unseen_surprise
D:4:      layout_basic, gammafunk_temple_overflow_claw, gup_sewer_entry_glass,
          corexii_shack, nicolae_figureground_sparkle
D:5:      layout_gridville, serial_shops, shop_statue, uniq_ijyb
Abyss:1:  base: D:3, minivault_11

Skill      XL: |  1  2  3  4  5  6  7 |
---------------+----------------------+-----
Axes           | 3 4 5 |  5.3
Fighting       | 3 4 5 |  5.3
Armour         | 1 2 3 |  3.3
Throwing       | |  1.7
Dodging        | |  2.6

Action                   |  1- 3 |  4- 6 |  7- 9 || total
-------------------------+-------+-------+-------++-------
Melee: War axe           |   122 |   171 |    55 ||   348
       Punch             |     1 |     1 |     1 ||     3
Throw: Stone             |       |     4 |       ||     4
 Stab: Sleeping          |     1 |       |       ||     1
Armor: Leather armour    |    60 |    19 |       ||    79
       Scale mail        |       |    70 |    50 ||   120
Dodge: Dodged            |   103 |    93 |    31 ||   227
